AoeStats
← AnderSlevin

Arena

509182944Analyzed
1v1 RM · 8d ago on Sep 25, 2026· 87m 21s· 2 players
Game mode
Random Map
Map size
Tiny (2 player)
Population
200
Speed
Normal
Resources
Standard
Victory
Conquest
Starting age
Dark Age
Ending age
Imperial Age
RankedLock teamsTeams togetherTeam positionsShared explorationLock speedFull tech treeHidden civsTurbo modeCheats
Victory
Defeat
🇪🇸 Burgundians · Spain
596
+24
🇬🇧 Poles · United Kingdom
577
-15
♛ BERZUNICH ♛
0:28 Loom
11:42 Feudal Age
12:49 Double-Bit Axe
20:30 Castle Age
19:09 Horse Collar
19:58 Scale Barding Armor
19:54 Scale Mail Armor
20:49 Bloodlines
20:30 Town Watch
22:10 Wheelbarrow
22:36 Bow Saw
23:23 Fervor
24:56 Hand Cart
25:23 Heavy Plow
28:52 Treadmill Crane
29:08 Murder Holes
29:34 Ballistics
29:25 Masonry
29:26 Fortified Wall
29:31 Fletching
29:53 Forging
29:59 Chain Mail Armor
29:59 Arson
30:14 Squires
29:40 Light Cavalry
33:09 Husbandry
33:21 Szlachta Privileges
37:53 Imperial Age
35:41 Bodkin Arrow
38:58 Conscription
39:14 Hoardings
38:13 Sappers
39:46 Lechitic Legacy
38:53 Cavalier
39:40 Arrowslits
40:34 Gold Mining
40:35 Stone Mining
42:52 Crop Rotation
42:25 Bracer
42:57 Plate Mail Armor
42:48 Chain Barding Armor
43:04 Iron Casting
46:23 Chemistry
46:14 Stone Shaft Mining
47:05 Padded Archer Armor
48:06 Blast Furnace
46:30 Winged Hussar
54:40 Leather Archer Armor
54:57 Elite Skirmisher
55:43 Thumb Ring
57:37 Siege Engineers
59:34 Bombard Tower
58:42 Elite Obuch
58:53 Pikeman
64:08 Guard Tower
63:45 Onager
65:15 Man-at-Arms
70:25 Long Swordsman
AnderSlevin
11:14 Feudal Age
14:17 Loom
17:57 Castle Age
15:49 Double-Bit Axe
15:53 Horse Collar
17:14 Bow Saw
17:08 Heavy Plow
20:52 Crop Rotation
22:47 Husbandry
22:10 Light Cavalry
25:25 Cavalier
26:20 Scale Barding Armor
26:26 Forging
27:44 Wheelbarrow
26:55 Treadmill Crane
27:13 Gold Mining
28:42 Hand Cart
33:33 Imperial Age
31:30 Chain Barding Armor
31:46 Iron Casting
31:58 Gold Shaft Mining
32:35 Fletching
33:58 Burgundian Vineyards
33:57 Bodkin Arrow
34:31 Hussar
35:56 Plate Barding Armor
35:27 Murder Holes
36:34 Chemistry
35:33 Murder Holes
35:24 Arrowslits
35:50 Masonry
36:01 Ballistics
36:01 Fortified Wall
35:47 Murder Holes
36:03 Masonry
36:09 Padded Archer Armor
36:10 Bracer
36:44 Conscription
37:41 Blast Furnace
36:38 Town Watch
36:59 Arrowslits
38:07 Town Patrol
39:50 Leather Archer Armor
40:47 Two-Man Saw
40:39 Elite Skirmisher
42:08 Hoardings
41:03 Pikeman
41:45 Squires
44:44 Halberdier
46:01 Scale Mail Armor
46:36 Arson
68:43 Architecture
68:35 Chain Mail Armor
68:24 Caravan
68:55 Coinage
68:35 Guilds
77:18 Paladin
Connection lost

Rejoining the realm…

Still unreachable

The connection could not be restored.

Session expired

The server has moved on; the page needs a fresh start.